 Dungeon Crawl Stone Soup version 0.18.1-50-g88ac8fd (webtiles) character file.

13764 mda97nl the Thaumaturge (level 11, -5/72 HPs)
             Began as a High Elf Skald on Oct 13, 2016.
             Was a Believer of Sif Muna.
             Slain by a three-headed hydra (7 damage)
             ... on level 1 of the Lair of Beasts on Oct 14, 2016.
             The game lasted 03:47:08 (15277 turns).

mda97nl the Thaumaturge (High Elf Skald)           Turns: 15277, Time: 03:47:09

Health: -5/72      AC: 14    Str: 15    XL:     11   Next: 79%
Magic:  19/25      EV: 15    Int: 20    God:    Sif Muna [**....]
Gold:   618        SH:  0    Dex: 15    Spells: 7 memorised, 15 levels left

rFire  . . .     SeeInvis .     Q - +4 scimitar (flame)
rCold  . . .     Gourm    .     G - +5 scale mail of Unambiguity {Str+4}
rNeg   . . .     Faith    .     (no shield)
rPois  .         Spirit   .     E - +0 hat {MR+}
rElec  .         Dismiss  .     v - +0 cloak
rCorr  .         Reflect  .     (no gloves)
SustAt .         Harm     .     (no boots)
MR     ++...                    (no amulet)
Stlth  +.........               p - ring of stealth
                                e - +1 ring of evasion

@: infused, very resistant to hostile enchantments, very unstealthy
A: no striking features
a: Channel Energy, Renounce Religion


You were on level 1 of the Lair of Beasts.
You worshipped Sif Muna.
Sif Muna was pleased with you.
You were not hungry.

You visited 3 branches of the dungeon, and saw 14 of its levels.

You collected 642 gold pieces.
You spent 24 gold pieces at shops.

Inventory:

Hand Weapons
 w - the +5 short sword of Saeleu {speed, +Inv rPois rC- rN++}
   (You found it on level 4 of the Dungeon)

   Attacks with this weapon are significantly faster.
   It makes you vulnerable to cold.
   It protects you from poison.
   It greatly protects you from negative energy.
   It lets you turn invisible.
 F - a +2 great sword
 Q - a +4 scimitar of flaming (weapon)
Armour
 v - a +0 cloak (worn)
 E - a +0 hat of magic resistance (worn)
 G - the +5 scale mail of Unambiguity (worn) {Str+4}
   (You found it on level 9 of the Dungeon)

   It affects your strength (+4).
Jewellery
 e - a +1 ring of evasion (left hand)
 k - an uncursed amulet of dismissal
 m - an uncursed ring of poison resistance
 p - a ring of stealth (right hand)
 u - an uncursed amulet of harm
 O - an uncursed ring of sustain attributes
Wands
 q - a wand of flame (26/48)
 A - a wand of random effects (16/48)
 B - a wand of lightning (15/15)
 C - a wand of polymorph (15/24)
 J - a wand of flame (26/48)
 P - a wand of lightning (2/15)
Scrolls
 l - 3 scrolls of magic mapping
 n - a scroll of identify
 r - a scroll of recharging
 t - a scroll of teleportation
 y - 3 scrolls of remove curse
 z - 2 scrolls of fog
Potions
 b - 2 potions of invisibility
 i - a potion of brilliance
 j - 2 potions of might
 s - a potion of mutation
 x - 3 potions of curing
 D - a potion of cancellation
 H - 2 potions of haste
 I - 2 potions of magic
 K - a potion of beneficial mutation
 L - a potion of agility
Books
 a - a book of Debilitation

   Spells                             Type                      Level
   a - Corona                         Hexes                        1
   b - Slow                           Hexes                        2
   c - Gell's Gravitas                Hexes/Translocation          3
   d - Inner Flame                    Hexes/Fire                   3
   e - Cause Fear                     Hexes                        4
   f - Leda's Liquefaction            Hexes/Earth                  4
 c - a book of Battle

   Spells                             Type                      Level
   a - Infusion                       Charms                       1
   b - Shroud of Golubria             Charms/Translocation         2
   c - Song of Slaying                Charms                       2
   d - Spectral Weapon                Hexes/Charms                 3
   e - Regeneration                   Charms/Necromancy            3
Comestibles
 d - 6 bread rations
 g - 29 fruits
 h - 5 meat rations
 o - 4 slices of pizza
 N - a beef jerky


   Skills:
 + Level 6.2 Fighting
 + Level 7.7(8.5) Short Blades
 + Level 5.1(7.2) Long Blades
 + Level 6.5 Armour
 + Level 8.6 Dodging
 + Level 9.7 Spellcasting
 * Level 3.2 Hexes
 + Level 9.6 Charms
 - Level 0.1 Necromancy
 + Level 5.3 Translocations


You had 15 spell levels left.
You knew the following spells:

 Your Spells              Type           Power        Failure   Level  Hunger
a - Infusion              Chrm           ####         1%          1    None
b - Shroud of Golubria    Chrm/Tloc      #####.....   1%          2    None
c - Song of Slaying       Chrm           #####...     1%          2    None
d - Regeneration          Chrm/Necr      ####......   12%         3    None
e - Spectral Weapon       Hex/Chrm       #####...     8%          3    None
f - Corona                Hex            ###....      10%         1    None
g - Slow                  Hex            ###.....     12%         2    None


Dungeon Overview and Level Annotations

Branches:
Dungeon (11/15)            Temple (1/1) D:6            Lair (2/8) D:10
    Orc: D:9-12

Altars:
Ashenzari
Cheibriados
Dithmenos
Elyvilon
Fedhas
Gozag
Kikubaaqudgha
Makhleb
Nemelex Xobeh
Okawaru
Pakellas
Qazlal
Ru
Sif Muna
Trog
Vehumet
Xom
Yredelemnul
Zin
The Shining One

Shops:
D:4 :   D:5 =   D:9 [

Annotations:
D:10 unexplorable terrain


Message History

* * * LOW HITPOINT WARNING * * *
The three-headed hydra bites you but does no damage.
The three-headed hydra barely misses you.
You barely miss the three-headed hydra.
The three-headed hydra is severely wounded.
The three-headed hydra bites you but does no damage.
The three-headed hydra misses you.
The three-headed hydra closely misses you.
Your scale mail of Unambiguity prevents you from hitting the three-headed hydra.
The three-headed hydra is severely wounded.
The three-headed hydra misses you.
The three-headed hydra barely misses you.
The three-headed hydra bites you!
* * * LOW HITPOINT WARNING * * *
Drink which item? (? for menu, Esc to quit)
You feel better. The three-headed hydra bites you!
* * * LOW HITPOINT WARNING * * *
The three-headed hydra completely misses you.
The three-headed hydra bites you!
You die...

###..###....# .....#.....#
#.... ##..#....## ....##...##
#...÷
###.....#..####...#....###....
##...##..#...%..##.#..##....
...#..............#.......
..#............#####D.....
.##.....♣.♣.#...###......# ..
#.......#...###...### ..
#...@........###..# # ..
#..D......(.......#
#..♣.♣.#..........###
......................#
#......................
..#..#......##.......... .
....###..............#
.#.........#..........#
.....##...........#


You could see a three-headed hydra.

Vanquished Creatures
  Gastronok (D:8)
  Erolcha (D:8)
  Erica (Lair:2)
  Nergalle (D:10)
  An unseen horror (D:9)
  A deep elf mage (D:7)
  Psyche (D:10)
  The ghost of Star the Sneak, a novice VSAs (D:5)
  A gargoyle (D:10)
  A troll (D:9)
  A two-headed ogre (D:9)
  Prince Ribbit (D:7)
  A wyvern (D:10)
  13 yaks
  Grum (D:9)
  2 hippogriffs
  3 water moccasins
  An ice beast (D:9)
  4 orc warriors
  A black bear (D:8)
  A necrophage (D:8)
  An eye of draining (D:9)
  4 sky beasts
  3 ogres
  A phantom (D:9)
  7 wolves
  11 centaurs
  2 crocodiles
  2 big kobolds
  4 giant frogs
  An elf skeleton (D:8)
  2 scorpions (D:9)
  3 killer bees (D:7)
  8 howler monkeys
  3 wights (D:8)
  3 crimson imps
  5 human zombies (D:8)
  6 two-headed ogre zombies (D:10)
  A centaur skeleton (D:6)
  3 giant frog skeletons
  3 hounds
  2 iguanas
  An orc wizard (D:6)
  7 worker ants
  A mummy (D:8)
  2 worker ant zombies
  9 adders
  3 shadow imps
  4 oozes
  2 adder skeletons (D:4)
  An adder zombie (D:7)
  5 worms (D:4)
  A dart slug (D:3)
  4 giant geckos
  15 orcs
  4 bats
  6 giant cockroaches
  5 hobgoblins
  6 jackals
  6 quokkas
  2 ball pythons
  7 giant newts
  7 goblins
  8 kobolds
  An orc zombie (D:8)
  A quokka skeleton (D:7)
  A quokka zombie (D:9)
  10 rats
  A plant (D:9)
234 creatures vanquished.

Vanquished Creatures (others)
  2 spectral weapons (D:5)
2 creatures vanquished.

Grand Total: 236 creatures vanquished

Notes
Turn   | Place    | Note
--------------------------------------------------------------
     0 | D:1      | mda97nl the High Elf Skald began the quest for the Orb.
     0 | D:1      | Reached XP level 1. HP: 14/14 MP: 4/4
   167 | D:1      | Reached XP level 2. HP: 18/19 MP: 2/6
   171 | D:1      | Learned a level 2 spell: Shroud of Golubria
   541 | D:1      | Reached skill level 1 in Armour
   993 | D:2      | Reached XP level 3. HP: 9/24 MP: 8/8
  1187 | D:2      | Found a stormy altar of Qazlal.
  1876 | D:3      | Learned a level 2 spell: Song of Slaying
  1880 | D:3      | Learned a level 3 spell: Regeneration
  2192 | D:3      | Reached XP level 4. HP: 28/29 MP: 0/9
  2641 | D:3      | Found a shadowy altar of Dithmenos.
  2886 | D:4      | Found a glowing golden altar of the Shining One.
  3294 | D:4      | Reached XP level 5. HP: 26/35 MP: 4/10
  3405 | D:4      | Found an opulent altar of Gozag.
  3490 | D:4      | Found Reyxzy's Book Boutique.
  3570 | D:4      | Got an iridescent short sword
  3598 | D:4      | Noticed a moth of wrath
  3603 | D:4      | Found a bloodstained altar of Trog.
  3610 | D:4      | Identified the +5 short sword of Saeleu {speed, +Inv rPois rC- rN++} (You found it on level 4 of the Dungeon)
  3989 | D:5      | Entered Level 5 of the Dungeon
  4125 | D:5      | Noticed a yak
  4127 | D:5      | Noticed a yak
  4127 | D:5      | Noticed a yak
  4135 | D:5      | Noticed a yak
  4201 | D:4      | Killed a yak
  4201 | D:4      | Reached skill level 1 in Translocations
  4201 | D:4      | Reached XP level 6. HP: 17/41 MP: 3/12
  4532 | D:3      | Killed a yak
  4532 | D:3      | Reached skill level 1 in Short Blades
  4532 | D:3      | Reached skill level 5 in Charms
  4843 | D:3      | Killed a yak
  4843 | D:3      | Reached XP level 7. HP: 46/46 MP: 6/14
  5059 | D:4      | Killed a yak
  5344 | D:5      | Found Nuyrus's Jewellery Shop.
  5349 | D:5      | Bought a cursed amulet of inaccuracy for 24 gold pieces
  5740 | D:5      | Noticed Star's ghost (novice VSAs)
  5815 | D:5      | Killed Star's ghost
  5815 | D:5      | Reached skill level 5 in Spellcasting
  5815 | D:5      | Reached XP level 8. HP: 51/52 MP: 9/16
  5872 | D:5      | Learned a level 3 spell: Spectral Weapon
  5874 | D:5      | Learned a level 1 spell: Corona
  5877 | D:5      | Learned a level 2 spell: Slow
  6055 | D:4      | Reached skill level 1 in Hexes
  6357 | D:6      | Found a radiant altar of Vehumet.
  7363 | D:5      | Reached skill level 5 in Dodging
  7923 | D:6      | Found a staircase to the Ecumenical Temple.
  7929 | Temple   | Entered the Ecumenical Temple
  8107 | Temple   | Became a worshipper of Sif Muna the Loreminder
  8289 | D:6      | Reached XP level 9. HP: 53/57 MP: 6/19
  8314 | D:7      | Found a burning altar of Makhleb.
  8452 | D:7      | Noticed Prince Ribbit
  8464 | D:7      | Killed Prince Ribbit
  8810 | D:7      | Noticed a deep elf mage
  8818 | D:7      | Killed a deep elf mage
  8831 | D:7      | Reached * piety under Sif Muna
 10105 | D:8      | Found a basalt altar of Yredelemnul.
 10324 | D:8      | Noticed Gastronok
 10348 | D:8      | Killed Gastronok
 10348 | D:8      | Reached skill level 5 in Short Blades
 10348 | D:8      | Reached skill level 5 in Armour
 10348 | D:8      | Reached XP level 10. HP: 37/65 MP: 6/22
 10570 | D:8      | Found a shattered altar of Ashenzari.
 10580 | D:8      | Noticed Erolcha
 10599 | D:8      | Killed Erolcha
 10599 | D:8      | Reached skill level 5 in Fighting
 11158 | D:9      | Got a pitted scale mail
 11169 | D:9      | Identified the +5 scale mail of Unambiguity {Str+4} (You found it on level 9 of the Dungeon)
 11197 | D:9      | Noticed Grum
 11219 | D:9      | Killed Grum
 11762 | D:9      | Reached skill level 5 in Long Blades
 11951 | D:9      | Reached XP level 11. HP: 66/72 MP: 24/24
 11966 | D:9      | Reached ** piety under Sif Muna
 12381 | D:9      | Found Qiysaov's Antique Armour Shop.
 12425 | D:9      | Reached skill level 5 in Translocations
 12682 | D:9      | Killed an unseen horror
 12989 | D:10     | Entered Level 10 of the Dungeon
 13061 | D:9      | Found an oddly glowing altar of Pakellas.
 13785 | D:10     | Noticed Nergalle
 13838 | D:10     | Killed Nergalle
 14130 | D:10     | Found a staircase to the Lair.
 14390 | D:10     | Noticed Psyche
 14400 | D:10     | Killed Psyche
 14811 | Lair:1   | Entered Level 1 of the Lair of Beasts
 15130 | Lair:1   | Noticed a six-headed hydra
 15176 | Lair:2   | Noticed Erica
 15193 | Lair:2   | Killed Erica
 15277 | Lair:1   | HP: 2/72 [three-headed hydra (12)]
 15277 | Lair:1   | Slain by a three-headed hydra

Skill      XL: |  1  2  3  4  5  6  7  8  9 10 11 |
---------------+----------------------------------+-----
Charms         | 4 5 6 7 8 9 |  9.6
Armour         | 1 2 3 5 6 |  6.5
Spellcasting   | 3 4 5 6 7 8 9 |  9.7
Long Blades    | 3 5 |  5.1
Dodging        | 2 3 4 5 7 8 |  8.6
Translocations | 1 2 3 4 5 |  5.3
Short Blades   | 1 2 5 6 7 |  7.7
Fighting       | 3 4 5 6 |  6.2
Hexes          | 2 3 |  3.2
Necromancy     | |  0.1

Action                   |  1- 3 |  4- 6 |  7- 9 | 10-12 || total
-------------------------+-------+-------+-------+-------++-------
Melee: Falchion          |   118 |       |       |       ||   118
       Scimitar          |       |    90 |       |     5 ||    95
       Short sword       |       |    42 |   359 |   518 ||   919
       Great sword       |       |       |       |    68 ||    68
 Cast: Infusion          |     9 |    13 |    33 |    27 ||    82
       Shroud of Golubri |     3 |    10 |    30 |    35 ||    78
       Regeneration      |     1 |     1 |     6 |       ||     8
       Corona            |       |       |     6 |       ||     6
       Slow              |       |       |     5 |     2 ||     7
       Spectral Weapon   |       |       |     4 |    12 ||    16
       Song of Slaying   |       |       |     1 |     9 ||    10
 Abil: Evoke Invisibilit |       |       |     1 |       ||     1
  Use: Potion            |     7 |       |     1 |     6 ||    14
       Scroll            |       |     4 |    11 |     7 ||    22
 Stab: Sleeping          |     6 |     4 |     3 |     1 ||    14
  Eat: Chunk             |     5 |     5 |    12 |     8 ||    30
       Bread ration      |       |     1 |       |     2 ||     3
       Meat ration       |       |       |     1 |       ||     1
       Fruit             |       |       |     1 |     1 ||     2
Armor: Leather armour    |    43 |    42 |     2 |       ||    87
       Ring mail         |       |       |    81 |    10 ||    91
       Scale mail        |       |       |       |   166 ||   166
Dodge: Dodged            |    76 |    72 |   191 |   370 ||   709
